 Dungeon Crawl Stone Soup version 0.29-a0-830-gcb1280458a (webtiles) character file.

Game seed: 12732222835660521259

33 IdlyInterested the Trooper (level 3, 0/29 HPs)
             Began as a Demonspawn Fighter on July 11, 2022.
             Slain by a goblin
             ... wielding a +0 club
             ... led by Robin
              (2 damage)
             ... on level 2 of the Dungeon.
             The game lasted 00:02:35 (882 turns).

IdlyInterested the Trooper (Demonspawn Fighter)      Turns: 882, Time: 00:02:36

Health: 0/29       AC:  6    Str: 16    XL:     3   Next: 12%
Magic:  3/3        EV:  8    Int:  9    God:
Gold:   44         SH:  8    Dex: 14    Spells: 2/2 levels left

rFire   . . .      SeeInvis .   a - +0 rapier
rCold   + . .      Faith    .   c - +0 buckler
rNeg    . . .      Spirit   .   b - +0 scale mail
rPois   .          Reflect  .   (no helmet)
rElec   .          Harm     .   (no cloak)
rCorr   .          Rampage  .   (no gloves)
Will    .....                   (no boots)
Stlth   +.........              (no amulet)
HPRegen 0.09/turn               f - ring of protection from cold
MPRegen 0.08/turn               g - ring of flight

@: mighty, flying
A: condensation shield
a: no special abilities


You were on level 2 of the Dungeon.
You visited 1 branch of the dungeon, and saw 2 of its levels.

You collected 44 gold pieces.

Inventory:

Hand Weapons
 a - a +0 rapier (weapon)
Missiles
 k - 4 boomerangs (quivered)
Armour
 b - a +0 scale mail (worn)
 c - a +0 buckler (worn)
Jewellery
 f - a ring of protection from cold (left hand)
 g - a ring of flight (right hand)
Potions
 i - a potion of resistance


   Skills:
 - Level 3.0 Fighting
 + Level 2.2 Short Blades
 - Level 3.0 Armour
 + Level 0.1 Dodging
 * Level 1.9 Stealth
 - Level 2.6 Shields


You had 2 spell levels left.
You didn't know any spells.
Your spell library contained the following spells:

 Spells                   Type           Power      Damage    Failure   Level
 Stone Arrow              Conj/Erth      0%         3d7       99%         3
 Animate Armour           Summ/Erth      0%         N/A       100%        4
 Lehudib's Crystal Spear  Conj/Erth      0%         10d2      100%        8


Dungeon Overview and Level Annotations

Branches:
Dungeon (2/15)

Altars:

Annotations:
D:2 Robin


Innate Abilities, Weirdness & Mutations

A meltable shield of frost defends you. (SH +4)


Message History

You have reached level 3!
Your experience leads to an increase in your attributes!
Increase (S)trength, (I)ntelligence, or (D)exterity?
You feel agile. x2
You puncture the goblin!
You kill the goblin!
You block the goblin's attack. The goblin hits you with a +0 club.
The hobgoblin barely misses you.
You barely miss the hobgoblin. You block the hobgoblin's attack.
The goblin hits you with a +0 club.
* * * LOW HITPOINT WARNING * * *
You hit the hobgoblin.
You kill the hobgoblin!
The goblin hits you but does no damage.
You hit the goblin.
The goblin is moderately wounded.
The goblin hits you but does no damage. The goblin barely misses you.
Robin roars a battlecry!
You barely miss the goblin.
The goblin is moderately wounded.
The goblin hits you but does no damage. You block the goblin's attack.
You closely miss the goblin.
The goblin is moderately wounded.
The goblin closely misses you. You block the goblin's attack.
You puncture the goblin!
You kill the goblin!
The goblin hits you but does no damage.
You closely miss the goblin.
The goblin no longer looks unusually strong.
The goblin hits you but does no damage. x2
You miss the goblin.
Robin roars a battlecry!
The goblin goes into a battle-frenzy!
The goblin hits you with a +0 club.
* * * LOW HITPOINT WARNING * * *
You block the goblin's attack.
You completely miss the goblin.
The goblin no longer looks unusually strong.
The goblin hits you with a +0 club.
You die...

#...... #.# #......
#.# ....... #.# ......
#.#
.###...####.##########
.....!.gg##.........<#
#.....ggg...#########
#.#####g##.## #@##...
#g##..## #......#
#..###.# #... ). #.##
.# #. .. ##


You could see Robin, a hobgoblin (strong) and 5 goblins.

Vanquished Creatures
  6 bats
  An endoplasm (D:1)
  2 giant cockroaches (D:1)
  3 goblins
  6 hobgoblins
  4 jackals (D:2)
  4 ball pythons (D:1)
  A frilled lizard (D:1)
  A rat (D:1)
28 creatures vanquished.

Notes
Turn   | Place    | Note
-------+----------+-------------------------------------------
     0 | D:1      | IdlyInterested the Demonspawn Fighter began the quest for
                  | the Orb.
     0 | D:1      | Reached XP level 1. HP: 18/18 MP: 1/1
   119 | D:1      | Reached skill level 1 in Stealth
   134 | D:1      | Gained mutation: A meltable shield of frost defends you.
                  | (SH +4) [demonic ancestry]
   134 | D:1      | Reached XP level 2. HP: 18/24 MP: 2/2
   465 | D:1      | Noticed a golden eye
   479 | D:1      | Noticed a golden eye
   482 | D:1      | Found a faded altar of an unknown god.
   484 | D:1      | Noticed a golden eye
   484 | D:1      | Noticed a great orb of eyes
   855 | D:2      | Noticed Robin
   873 | D:2      | Reached XP level 3. HP: 15/29 MP: 3/3
   882 | D:2      | Slain by a goblin

Illustrated notes

Levels and vault maps discovered:
D:1:      dpeg_arrival_oval, layout_rooms,
          hellmonk_ecumenical_altar_watching_god, wad_floor_pattern_untrapped
D:2:      layout_basic, uniq_natasha, uniq_robin

Skill      XL: |  1  2 |
---------------+-------+-----
Stealth        | 1 |  1.9
Short Blades   | 2 |  2.2
Armour         | 3 |  3.0
Fighting       | |  3.0
Dodging        | |  0.1
Shields        | |  2.6

Action                   || total
-------------------------++-------
Melee: Rapier            ||    90
  Use: Scroll            ||     2
       Potion            ||     2
Armor: Scale mail        ||    41
Dodge: Dodged            ||    37
Block: Buckler           ||    40

Table legend: (Time is in decaauts)
 A = Elapsed time spent in this place.
 B = Non-inter-level travel time spent in this place.
 C = Inter-level travel time spent in this place.
 D = Time resting spent in this place.
 E = Time spent auto-exploring this place.
 F = Levels seen in this place.
 G = Mean time per level.
                   A        B        C        D        E       F      G
               +--------+--------+--------+--------+--------+-----+--------+
         Total |    893 |    809 |     84 |     85 |    517 |   2 |  446.5 |
       Dungeon |    893 |    809 |     84 |     85 |    517 |   2 |  446.5 |
               +--------+--------+--------+--------+--------+-----+--------+

Top non-repeatable levels by time:
     D:1: 832 daAuts
     D:2: 60 daAuts
